 Dungeon Crawl Stone Soup version 0.28.0-53-g5a82cb258f (webtiles) character file.

Game seed: 15467684789511270867

36 PentaManta the Insei (level 3, -1/23 HPs)
             Began as an Octopode Transmuter on June 6, 2022.
             Succumbed to Terence's poison
             ... on level 2 of the Dungeon.
             The game lasted 00:03:53 (2046 turns).

PentaManta the Insei (Octopode Transmuter)          Turns: 2046, Time: 00:03:54

Health: -1/23      AC:  1    Str:  9    XL:     3   Next: 37%
Magic:  5/6        EV: 13    Int: 17    God:
Gold:   67         SH:  0    Dex: 12    Spells: 5/6 levels left

rFire   . . .      SeeInvis .     - Unarmed
rCold   . . .      Faith    .   (no shield)
rNeg    . . .      Spirit   .   (helmet currently unavailable)
rPois   .          Reflect  .   (no amulet)
rElec   .          Harm     .   (no ring)
rCorr   .          Rampage  .   (no ring)
Will    .....                   (no ring)
Stlth   ++........              (no ring)
HPRegen 0.07/turn               (no ring)
MPRegen 0.10/turn               (no ring)
                                (no ring)
                                (no ring)

@: lethally poisoned (-1 -> -16), appendages, studying Fire Magic
A: tentacle spike 3, almost no armour, amphibious, 8 rings, camouflage 1,
gelatinous body 1, (nimble swimmer 1), tentacles
a: End Transformation


You were on level 2 of the Dungeon.
One of your tentacles had grown a beastly spike.
You visited 1 branch of the dungeon, and saw 2 of its levels.

You collected 67 gold pieces.

Inventory:

Scrolls
 a - a scroll of fog {unknown}
 b - a scroll of teleportation {unknown}
 e - 2 scrolls of identify {unknown}
 f - a scroll of noise {unknown}
 g - a scroll of enchant weapon {unknown}
 h - 3 scrolls of blinking {unknown}
 k - a scroll of holy word {unknown}
Potions
 c - a potion of curing {unknown}
 d - a potion of berserk rage {unknown}
 i - a potion of heal wounds {unknown}
 j - a potion of invisibility {unknown}
 l - a potion of lignification {unknown}
 m - a potion of attraction {unknown}


   Skills:
 - Level 1.3 Fighting
 - Level 2.1 Dodging
 - Level 3.1 Unarmed Combat
 - Level 2.1 Spellcasting
 + Level 3.1 Transmutations


You had 5 spell levels left.
You knew the following spells:

 Your Spells              Type           Power      Damage    Failure   Level
a - Beastly Appendage     Tmut           24%        N/A       5%          1

Your spell library contained the following spells:

 Spells                   Type           Power      Damage    Failure   Level
 Wereblood                Tmut           12%        N/A       8%          2
 Animate Skeleton         Necr           2%         N/A       19%         1
 Pain                     Necr           4%         1d4       19%         1
 Spider Form              Tmut/Pois      7%         N/A       30%         3
 Vampiric Draining        Necr           1%         2d6       50%         3
 Ice Form                 Ice/Tmut       7%         N/A       69%         4


Dungeon Overview and Level Annotations

Branches:
Dungeon (2/15)

Altars:
Kikubaaqudgha

Shops:
D:1 [

Annotations:
D:2 Terence


Innate Abilities, Weirdness & Mutations

One of your tentacles has grown a beastly spike.
You cannot wear most types of armour.
You are amphibious.
You can wear up to eight rings at the same time.
Your skin changes colour to match your surroundings (Stealth+).
Your rubbery body absorbs attacks. (AC +1, EV +1)
((You are camouflaged when in or above water. (Stealth+)))
You have tentacles for arms and can constrict up to eight enemies at once.


Message History

A quokka is nearby!
A quokka is nearby!
A quokka is nearby!
One of your tentacles grows a vicious spike.
You barely miss the quokka. Your grab misses the quokka. The quokka bites you.
You closely miss the quokka. Your grab misses the quokka.
Your tentacle spike misses the quokka.
The quokka bites you.
You tentacle-slap the quokka.
You kill the quokka!
No target in view!
Your transformation is almost over.
Your tentacle spike disappears.
You now have 67 gold pieces (gained 9).
Terence the Incautious comes into view.
He is wielding a +2 short sword of venom.
Terence is nearby!
Terence is nearby!
One of your tentacles grows a vicious spike.
Terence shouts!
Terence hits you with a +2 short sword of venom.
You are poisoned.
You closely miss Terence. Your grab misses Terence.
Your squeeze misses Terence.
You feel very sick. Terence barely misses you.
You tentacle-slap Terence. Your grab misses Terence.
You squeeze Terence, but do no damage.
Terence is lightly wounded.
You feel sick. Terence closely misses you.
You tentacle-slap Terence but do no damage.
You grab Terence.
You pierce Terence, but do no damage.
You squeeze Terence.
Terence is lightly wounded.
You constrict Terence, but do no damage.
You feel sick.
Terence hits you with a +2 short sword of venom!
* * * LOW HITPOINT WARNING * * *
You are more poisoned.
You release your grip on Terence.
* * * LOW HITPOINT WARNING * * *
You feel very sick.
You die...

#.# #. #.# #.
#####.# #.
...#.########.
#####.#.##.......
..........>......
###..............
###.#.#..........##
#.@.#.###.######.#
#.#.#.......#<##.#
#@#.#.....#.#.##.#
#.#.#.....#.#.##.#
#.#.#.....# #.##.#
..#.#.##### #.##.#
###.#.....# #.##.#
#.#####.# #.##.#
#.# #.# #.##+#


You could see Terence.

Vanquished Creatures
  5 ball pythons (D:1)
  2 giant cockroaches (D:1)
  5 goblins
  2 hobgoblins (D:1)
  6 kobolds
  3 quokkas
  6 bats
  3 rats (D:1)
32 creatures vanquished.

Notes
Turn   | Place    | Note
-------+----------+-------------------------------------------
     0 | D:1      | PentaManta the Octopode Transmuter began the quest for the
                  | Orb.
     0 | D:1      | Reached XP level 1. HP: 13/13 MP: 3/3
   164 | D:1      | Reached XP level 2. HP: 17/18 MP: 3/5
   891 | D:1      | Reached XP level 3. HP: 4/23 MP: 6/6
  1312 | D:1      | Found Ywneonlo's Armour Shoppe.
  1768 | D:2      | Found an ancient bone altar of Kikubaaqudgha.
  2038 | D:2      | Noticed Terence
  2046 | D:2      | Succumbed to Terence's poison

Illustrated notes

Levels and vault maps discovered:
D:1:      dpeg_arrival_three_same_balls, layout_loops_ring, serial_shops, shop,
          minmay_tetromino_o4
D:2:      layout_basic, basic_altar, uniq_terence, uniq_sigmund

Skill      XL: |  1  2  3 |
---------------+----------+-----
Transmutations | 3 |  3.1
Fighting       | |  1.3
Dodging        | |  2.1
Unarmed Combat | |  3.1
Spellcasting   | |  2.1

Action                   || total
-------------------------++-------
Melee: Unarmed           ||    75
       Constrict         ||    22
       Tentacles         ||    11
       Kick              ||    12
       Punch             ||     2
 Cast: Beastly Appendage ||    22
 Stab: Sleeping          ||     3
Armor: Skin              ||    14
Dodge: Dodged            ||    54
